 Dungeon Crawl Stone Soup version 0.29.0-4-gdea44cf6ec (webtiles) character file.

Game seed: 10643285446511045141

12234 SnakkuSnakku7 the Martial Artist (level 11, -17/90 HPs)
             Began as a Barachi Transmuter on Aug 27, 2022.
             Was a High Priest of Vehumet.
             Demolished by a two-headed ogre
             ... wielding a +0 giant club
              (33 damage)
             ... on level 10 of the Dungeon.
             The game lasted 00:23:08 (13744 turns).

SnakkuSnakku7 the Martial Artist (BaTm)            Turns: 13744, Time: 00:23:10

Health: -17/90     AC: 13    Str: 11    XL:     11   Next: 90%
Magic:  14/14      EV: 13    Int: 18    God:    Vehumet [*****.]
Gold:   723        SH:  0    Dex: 19    Spells: 6/14 levels left

rFire   . . .      SeeInvis .   a - +8 demon blade "Leech" {vamp, Harm Drain rN+}
rCold   . . .      Faith    .   (no shield)
rNeg    + . .      Spirit   .   N - +3 scale mail
rPois   .          Reflect  .   c - +0 helmet
rElec   .          Harm     +   (no cloak)
rCorr   .          Rampage  .   J - +1 pair of gloves
Will    .....                   G - +0 pair of boots
Stlth   ..........              E - amulet of the acrobat
HPRegen 0.25/turn               f - ring of wizardry
MPRegen 0.14/turn               m - +6 ring of dexterity

@: slowed, very slow
A: amphibious, slowness 1, strong legs 1, +LOS
a: Hop, Renounce Religion


You were on level 10 of the Dungeon.
You worshipped Vehumet.
Vehumet was extremely pleased with you.
You visited 1 branch of the dungeon, and saw 11 of its levels.
You also visited: Bailey.

You collected 723 gold pieces.

Inventory:

Hand Weapons
 a - the +8 demon blade "Leech" (weapon) {vamp, Harm Drain rN+}
   (You found it on level 9 of the Dungeon)

   It heals its wielder for a portion of the damage dealt every time it strikes
   a living foe.
   rN:        It protects you from negative energy.
   Drain:     It drains your maximum health when unequipped.
   Harm:      It increases damage dealt and taken.
Missiles
 z - a throwing net
Armour
 c - a +0 helmet (worn)
 G - a +0 pair of boots (worn)
 J - a +1 pair of gloves (worn)
 N - a +3 scale mail (worn)
 O - a +0 kite shield
Jewellery
 f - a ring of wizardry (left hand)
 m - a +6 ring of dexterity (right hand)
 w - a ring of ice
 E - an amulet of the acrobat (around neck)
 M - a ring of ice
 P - a ring of fire
Wands
 h - a wand of polymorph (3)
 o - a wand of roots (3)
 H - a wand of flame (4)
 I - a wand of digging (3)
 L - a wand of acid (1)
Scrolls
 e - 2 scrolls of butterflies
 i - a scroll of blinking {unknown}
 k - a scroll of torment
 p - 2 scrolls of magic mapping
 q - a scroll of immolation {unknown}
 r - a scroll of noise {unknown}
 s - 2 scrolls of fear {unknown}
 t - 7 scrolls of teleportation
 x - a scroll of enchant weapon {unknown}
 y - a scroll of vulnerability
 C - 3 scrolls of silence {unknown}
 D - 2 scrolls of poison {unknown}
 K - a scroll of enchant armour {unknown}
Potions
 b - a potion of lignification
 d - 2 potions of cancellation
 g - 3 potions of mutation
 j - 2 potions of curing
 l - 3 potions of heal wounds
 n - 3 potions of attraction
 u - a potion of brilliance
 v - 2 potions of flight
 A - 3 potions of resistance {unknown}
 B - 3 potions of might
 F - 2 potions of haste


   Skills:
 - Level 10.0 Fighting
 + Level 4.2 Long Blades
 - Level 10.0 Dodging
 - Level 12.0 Unarmed Combat
 - Level 2.1 Spellcasting
 - Level 8.6 Transmutations
 - Level 5.0 Ice Magic
 - Level 2.0 Poison Magic


You had 6 spell levels left.
You knew the following spells:

 Your Spells              Type           Power      Damage    Failure   Level
a - Beastly Appendage     Tmut           64%        N/A       1%          1
b - Spider Form           Tmut/Pois      21%        N/A       16%         3
c - Ice Form              Ice/Tmut       26%        N/A       26%         4

Your spell library contained the following spells:

 Spells                   Type           Power      Damage    Failure   Level
 Olgreb's Toxic Radiance  Pois           9%         N/A       41%         4
 Wereblood                Tmut           32%        N/A       1%          2
 Magic Dart               Conj           4%         1d3       13%         1
 Scorch                   Fire           2%         2d5       17%         2
 Searing Ray              Conj           2%         2d4       17%         2
 Static Discharge         Conj/Air       1%         3-4/arc   17%         2
 Mephitic Cloud           Conj/Pois/Air  4%         N/A       26%         3
 Dazzling Flash           Conj/Hex       2%         N/A       32%         3
 Call Imp                 Summ           1%         N/A       52%         2
 Flame Wave               Conj/Fire      1%         2d4       67%         4
 Fulminant Prism          Conj/Hex       0%         3d6       67%         4
 Gell's Gravitas          Tloc           1%         N/A       77%         3
 Lesser Beckoning         Tloc           1%         N/A       77%         3
 Teleport Other           Tloc           1%         N/A       77%         3
 Lightning Bolt           Conj/Air       0%         1d11      91%         5
 Animate Dead             Necr           1%         N/A       98%         4
 Agony                    Necr           1%         N/A       100%        5
 Silence                  Hex/Air        0%         N/A       100%        5
 Summon Cactus Giant      Summ           0%         N/A       100%        6
 Haunt                    Necr/Summ      0%         N/A       100%        7
 Infestation              Necr           0%         N/A       100%        8
 Maxwell's Capacitive Co  Air            0%         ∞         100%        8


Dungeon Overview and Level Annotations

Branches:
Dungeon (11/15)            Temple (0/1) D:5          Bailey (visited)
   Lair: D:8-11         Orc: D:9-12

Altars:
Ashenzari
Elyvilon
Makhleb
Nemelex Xobeh
Okawaru
Ru
Uskayaw
Vehumet
Xom
Zin

Shops:
D:2 [

Annotations:
D:3 Dig cash


Innate Abilities, Weirdness & Mutations

You are amphibious.
You cover ground slowly.
You can hop short distances.
You have an extended range of vision and can be seen from far away.


Message History

The wraith hits you. The wraith drains your vigour!
You feel as though you will be slow longer.
The wraith misses you.
You closely miss the wraith.
The wraith is severely damaged.
The wraith closely misses you.
You hit the wraith but do no damage.
The wraith is severely damaged.
The wraith misses you. The wraith hits you but does no damage.
You hit the wraith.
The wraith is almost destroyed.
The wraith hits you but does no damage. The wraith misses you.
You hit the wraith but do no damage.
The wraith is almost destroyed.
The wraith barely misses you.
You slash the wraith!
You destroy the wraith!
Vehumet accepts your kill.
The two-headed ogre hits you with a +0 giant club!!
The two-headed ogre closely misses you.
Your Long Blades skill increases to level 4!
Aiming: Fastroot
Press: ? - help, Shift-Dir - straight line, f - two-headed ogre
Aim: a two-headed ogre, wielding two +0 giant clubs The roots erupt in riotous growth!
Roots grab the two-headed ogre.
The grasping roots constrict the two-headed ogre.
The two-headed ogre hits you with a +0 giant club! x2
You hit the two-headed ogre.
You feel better.
The two-headed ogre is lightly wounded.
The grasping roots constrict the two-headed ogre!
The roots release their grip on the two-headed ogre.
The two-headed ogre barely misses you. x2
You slash the two-headed ogre!
You feel better.
The two-headed ogre is heavily wounded.
You are ready to hop once more.
The two-headed ogre hits you with a +0 giant club!
* * * LOW HITPOINT WARNING * * *
The two-headed ogre hits you with a +0 giant club!!
You die...

......##.# ....... ......##.#
###.....# )......#.# ##....#
.......#.# ###.O.### #######
(........# #....## ##.....##
[........## #....# ##.......##
#.#.......## #..### .#.........#
..#........###.#### #.#.........#
.#######.#.....O@.##..#..(......#
..# #..#.#..##....##.........#
..# ##.#...###..####.........#
..# #...>###....# #.........# ###
##..#.###.##.###.........# #
##.....##..##.............# #
####...............#.........#
####........##.######)).........#
.....##....###.# #)[#.......##


You could see a two-headed ogre.

Vanquished Creatures
  2 vault guards (Bailey)
  3 two-headed ogres
  A manticore (D:8)
  Joseph (D:8)
  A kobold demonologist (D:9)
  Prince Ribbit (Bailey)
  Sigmund (D:6)
  A shadow (D:9)
  A wraith (D:10)
  2 wyverns (D:9)
  11 yaks
  A steam dragon (D:7)
  4 humans (Bailey)
  An acid dragon (D:7)
  3 black bears
  An ice beast (D:7)
  8 orc warriors
  A sky beast (D:8)
  An ogre (D:7)
  2 centaurs
  15 bullfrogs
  3 gnoll sergeants
  A kobold brigand (D:9)
  4 scorpions
  5 wights
  8 killer bees (D:8)
  3 howler monkeys
  4 jellies
  4 orc priests
  8 hounds
  Jessica (D:1)
  3 iguanas
  12 orc wizards
  15 adders
  16 gnolls
  A shadow imp (D:5)
  3 white imps
  3 worms
  11 dart slugs
  36 orcs
  6 bats
  14 endoplasms
  7 giant cockroaches
  9 hobgoblins
  7 jackals (D:5)
  2 quokkas
  7 ball pythons
  3 frilled lizards
  12 goblins
  8 kobolds
  7 rats
285 creatures vanquished.

Vanquished Creatures (others)
  A jackal (D:4)
  16 fungi (D:8)
  4 plants
21 creatures vanquished.

Grand Total: 306 creatures vanquished

Notes
Turn   | Place    | Note
-------+----------+-------------------------------------------
     0 | D:1      | SnakkuSnakku7 the Barachi Transmuter began the quest for
                  | the Orb.
     0 | D:1      | Reached XP level 1. HP: 15/15 MP: 3/3
   268 | D:1      | Reached XP level 2. HP: 20/21 MP: 3/5
   818 | D:1      | Found a faded altar of an unknown god.
   830 | D:1      | Reached XP level 3. HP: 26/26 MP: 4/6
   834 | D:1      | Learned a level 3 spell: Spider Form
   837 | D:1      | Prayed at the altar of an unknown god.
   837 | D:1      | Became a worshipper of Vehumet
   837 | D:1      | Reached * piety under Vehumet
   837 | D:1      | Offered knowledge of Freeze by Vehumet.
  1006 | D:1      | Reached skill level 4 in Unarmed Combat
  1203 | D:2      | Noticed Jessica
  1209 | D:1      | Killed Jessica
  1210 | D:1      | Reached skill level 1 in Poison Magic
  1412 | D:2      | Reached XP level 4. HP: 25/32 MP: 7/7
  1824 | D:2      | Found Vesiung's Armour Boutique.
  2035 | D:2      | Offered knowledge of Shock by Vehumet.
  2145 | D:2      | Reached ** piety under Vehumet
  2252 | D:3      | Found a burning altar of Makhleb.
  2352 | D:3      | Reached XP level 5. HP: 23/37 MP: 8/8
  3357 | D:3      | Found a glowing silver altar of Zin.
  3496 | D:4      | Reached skill level 5 in Unarmed Combat
  3501 | D:4      | Reached XP level 6. HP: 33/43 MP: 9/9
  3577 | D:4      | Learned a level 4 spell: Ice Form
  3599 | D:4      | Reached skill level 1 in Ice Magic
  3872 | D:4      | Noticed a black bear
  3884 | D:4      | Killed a black bear
  3885 | D:4      | Reached skill level 6 in Unarmed Combat
  4113 | D:4      | Offered knowledge of Inner Flame by Vehumet.
  4337 | D:4      | Reached XP level 7. HP: 17/48 MP: 10/10
  4557 | D:4      | Found a sparkling altar of Nemelex Xobeh.
  4611 | D:4      | Found an iron altar of Okawaru.
  4640 | D:4      | You fall into a shaft and drop 2 floors!
  5038 | D:6      | Found a white marble altar of Elyvilon.
  5072 | D:5      | Entered Level 5 of the Dungeon
  5678 | D:4      | Reached *** piety under Vehumet
  5950 | D:4      | Reached skill level 7 in Unarmed Combat
  6229 | D:4      | Offered knowledge of Conjure Flame by Vehumet.
  6230 | D:4      | Reached skill level 5 in Ice Magic
  6233 | D:4      | Found a shimmering altar of Xom.
  6349 | D:5      | Found a staircase to the Ecumenical Temple.
  6363 | D:5      | Identified the +10 war axe "Xyku" {spect, rPois rN+ Dex+4}
  6413 | D:5      | Reached XP level 8. HP: 49/54 MP: 11/11
  6502 | D:5      | Reached skill level 8 in Unarmed Combat
  6757 | D:5      | Found a broken altar of Ashenzari.
  7062 | D:5      | Reached skill level 5 in Transmutations
  7723 | D:6      | Reached **** piety under Vehumet
  7970 | D:6      | Noticed Sigmund
  7983 | D:6      | Killed Sigmund
  7984 | D:6      | Reached skill level 9 in Unarmed Combat
  8106 | D:6      | Offered knowledge of Iskenderun's Mystic Blast by Vehumet.
  8272 | D:6      | Reached skill level 10 in Unarmed Combat
  8272 | D:6      | Reached XP level 9. HP: 59/59 MP: 12/12
  8529 | D:7      | Reached skill level 11 in Unarmed Combat
  8652 | D:7      | Noticed a two-headed ogre
  8662 | D:7      | Killed a two-headed ogre
  8663 | D:7      | Reached skill level 12 in Unarmed Combat
  9028 | D:7      | Reached skill level 5 in Fighting
  9276 | D:7      | Reached XP level 10. HP: 77/77 MP: 9/13
  9670 | D:8      | Found a hide-covered altar of Uskayaw.
  9682 | D:8      | Noticed a manticore
  9694 | D:8      | Noticed Joseph
  9695 | D:8      | Noticed a two-headed ogre
  9698 | D:8      | Killed a manticore
  9708 | D:8      | Found a flagged portal.
  9713 | Bailey   | Entered a bailey
  9973 | Bailey   | Reached skill level 10 in Fighting
 10435 | Bailey   | Reached skill level 5 in Dodging
 10530 | Bailey   | Noticed a vault guard
 10548 | Bailey   | Killed a vault guard
 10576 | Bailey   | Noticed a vault guard
 10576 | Bailey   | Noticed Prince Ribbit
 10578 | Bailey   | Killed Prince Ribbit
 10579 | Bailey   | Reached XP level 11. HP: 90/90 MP: 14/14
 10599 | Bailey   | Killed a vault guard
 11019 | D:9      | Noticed a two-headed ogre
 11043 | D:9      | Killed a two-headed ogre
 11191 | D:9      | Reached ***** piety under Vehumet
 11330 | D:9      | Offered knowledge of Olgreb's Toxic Radiance by Vehumet.
 11381 | D:9      | Reached skill level 10 in Dodging
 11712 | D:8      | Killed a two-headed ogre
 11989 | D:8      | Killed Joseph
 12086 | D:8      | Found a sacrificial altar of Ru.
 12456 | D:9      | Found the +8 demon blade "Leech" {vamp, Harm Drain rN+}
 12791 | D:9      | Reached skill level 1 in Long Blades
 12847 | D:10     | Entered Level 10 of the Dungeon
 13724 | D:10     | Noticed a two-headed ogre
 13744 | D:10     | Demolished by a two-headed ogre

Illustrated notes

Levels and vault maps discovered:
D:1:      nzn_arrival_crosshair, layout_loops_ring,
          shapermc_ecumenical_altar_mp_highgroup, minivault_25
D:2:      layout_loops_ring, serial_shops, nicolae_diamond_shop, st_stairs_6,
          uniq_jessica
D:3:      layout_loops_ring, lemuel_round_altar, zin_treasury,
          minmay_fractal_squares_5
D:4:      kennysheep_slugbush, layout_basic, kennysheep_mini_moat,
          marbit_many_paths, dk_xom_monty_hall, grunt_ministairs_11,
          minmay_misc_feat_pillars, minivault_23
D:5:      layout_loops_ring, nicolae_ashenzari_skybound,
          minmay_temple_entry_purple_smoke
D:6:      layout_basic, mainiacjoe_overflow_24_doors, uniq_sigmund
D:7:      layout_cave_pools
D:8:      layout_rooms, nicolae_ru_sacrificial_ziggurat,
          mainiacjoe_overflow_chevrons, enter_bailey_2, uniq_joseph
D:9:      wad_cavern_with_rooms, layout_basic
D:10:     layout_rooms, palyth_temple_overflow_mages
D:11:     layout_long_grid, due_lair_maze_entry_diamond, orc_0_dummy,
          gammafunk_ghost_ooze

Skill      XL: |  1  2  3  4  5  6  7  8  9 10 11 |
---------------+----------------------------------+-----
Transmutations | 3 4 6 8 |  8.6
Unarmed Combat | 4 5 6 7 10 12 | 12.0
Poison Magic   | 1 2 |  2.0
Ice Magic      | 3 5 |  5.0
Fighting       | 6 10 | 10.0
Dodging        | 7 10 | 10.0
Long Blades    | 4 |  4.2
Spellcasting   | |  2.1

Action                   |  1- 3 |  4- 6 |  7- 9 | 10-12 || total
-------------------------+-------+-------+-------+-------++-------
Melee: Unarmed           |    95 |   226 |   304 |   211 ||   836
       Kick              |     5 |    11 |    32 |       ||    48
       Headbutt          |     7 |    10 |    17 |       ||    34
       Punch             |     1 |    16 |    10 |     6 ||    33
       Demon blade       |       |       |       |    82 ||    82
 Cast: Beastly Appendage |    10 |     9 |    11 |       ||    30
       Spider Form       |       |     1 |     1 |       ||     2
       Ice Form          |       |       |    12 |    14 ||    26
 Abil: Hop               |       |     2 |     2 |     4 ||     8
       End Transformatio |       |     1 |       |     2 ||     3
Evoke: Wand              |       |       |     1 |    10 ||    11
  Use: Potion            |       |     1 |       |     2 ||     3
       Scroll            |       |       |    12 |     4 ||    16
 Stab: Sleeping          |     3 |     5 |     1 |       ||     9
       Distracted        |       |     1 |       |       ||     1
Armor: Robe              |    23 |    35 |    33 |     3 ||    94
       Skin              |       |    11 |    25 |    20 ||    56
       Scale mail        |       |       |       |    39 ||    39
Dodge: Dodged            |    71 |   139 |   180 |   232 ||   622
